 Dungeon Crawl Stone Soup version 0.31-a0-1093-gadecf4124d (webtiles) character file.

Game seed: 2467848087411287756

461 Ivernyr the Shield-Bearer (level 7, 0/55 HPs)
             Began as a Formicid Fighter on Nov 29, 2023.
             Constricted to death by a ball python (1 damage)
             ... in a sewer.
             The game lasted 00:10:34 (3242 turns).

Ivernyr the Shield-Bearer (Formicid Fighter)        Turns: 3242, Time: 00:10:35

Health: 0/55       AC: 10    Str: 23    XL:     7   Next: 28%
Magic:  7/7        EV:  6    Int:  7    God:
Gold:   154        SH:  5    Dex: 13    Spells: 6/6 levels left

rFire   . . .        a - +0 quarterstaff
rCold   . . .        c - +0 buckler
rNeg    . . .        b - +0 scale mail
rPois   .            (helmet unavailable)
rElec   .            (no cloak)
rCorr   .            s - +1 pair of gloves
SInv    +            n - +0 pair of boots
Will    .....        (no amulet) Stlth
                     (no ring)
HPRegen 0.29/turn    (no ring)
MPRegen 0.10/turn

%: no passive effects
@: brilliant, lethally poisoned (0 -> -4), constricted
A: permanent stasis, dig shafts and tunnels, antennae 3, four strong arms
a: Dig


You were in a sewer.
You visited 1 branch of the dungeon, and saw 4 of its levels.
You also visited: Sewer.

You collected 154 gold pieces.

Inventory:

Hand Weapons
 a - a +0 quarterstaff (weapon)
Armour
 b - a +0 scale mail (worn)
 c - a +0 buckler (worn)
 n - a +0 pair of boots (worn)
 s - a +1 pair of gloves (worn)
Jewellery
 q - a +6 ring of intelligence
Wands
 o - a wand of flame (11)
Scrolls
 e - 2 scrolls of immolation {unknown}
 f - a scroll of silence {unknown}
 g - a scroll of enchant armour {unknown}
 h - 3 scrolls of enchant weapon {unknown}
 k - 4 scrolls of vulnerability {unknown}
 l - 2 scrolls of identify {unknown}
 m - 4 scrolls of teleportation {unknown}
 p - 3 scrolls of noise {unknown}
 r - 2 scrolls of amnesia {unknown}
 t - 3 scrolls of fog {unknown}
Potions
 d - a potion of might
 i - 2 potions of haste
 j - a potion of brilliance
 u - a potion of invisibility {unknown}


   Skills:
 + Level 4.7 Fighting
 * Level 4.8 Staves
 + Level 4.7 Armour
 + Level 5.8 Shields


You had 6 spell levels left.
You didn't know any spells.
Your spell library was empty.

Dungeon Overview and Level Annotations

Branches:
Dungeon (4/15)              Sewer (1/1)
 Temple: D:4-7

Altars:
Xom
Yredelemnul


Innate Abilities, Weirdness & Mutations

You cannot be hasted, slowed, berserked, paralysed or teleported.
You can dig through walls and to a lower floor.
You have a pair of large antennae on your head. (SInv)
Your four strong arms can wield two-handed weapons with a shield.


Message History

The ball python bites you but does no damage.
The ball python constricts you.
* * * LOW HITPOINT WARNING * * *
You escape the ball python's grasp.
You feel sick. The adder misses you. The adder bites you.
* * * LOW HITPOINT WARNING * * *
You are more poisoned.
The adder poisons you!
Unknown command.
You feel sick. The adder bites you but does no damage.
Unknown command.
You sock the adder!
You kill the adder!
You feel sick. The adder bites you but does no damage.
The ball python bites you but does no damage.
The ball python closely misses you.
You closely miss the ball python.
You feel sick. The adder bites you.
* * * LOW HITPOINT WARNING * * *
You are lethally poisoned!
The adder poisons you!
The ball python bites you but does no damage.
The ball python grabs you. The ball python constricts you.
The ball python bites you but does no damage.
You barely miss the ball python.
* * * LOW HITPOINT WARNING * * *
You feel sick. The adder barely misses you.
The ball python bites you but does no damage.
The ball python constricts you. The ball python barely misses you.
The adder closely misses you.
Unknown command.
You closely miss the adder.
* * * LOW HITPOINT WARNING * * *
You feel sick. The ball python bites you.
* * * LOW HITPOINT WARNING * * *
The ball python constricts you.
The ball python bites you but does no damage.
The adder bites you but does no damage. The ball python bites you.
* * * LOW HITPOINT WARNING * * *
The ball python constricts you.
You die...

##### ####...####
####.........####
##...†......†....##
#....†....#.......#
##......##S##......##
#......##SS###....†.#
##...~.##@S# #..~~†##
#≈≈≈J≈~##### #~≈≈~~~#
#~≈≈~≈≈# #≈≈≈~≈≈#
#≈≈~~~≈# #~~~≈≈≈#
#≈≈~~≈≈# #~~≈≈≈≈#
#≈~~≈~≈# #~~~~≈≈#
#~≈~~≈≈# #≈.~~.≈#
#≈~#~≈≈# #≈.[†~~#
#†.≈≈≈≈# ##~.~~##


You could see an adder and 3 ball pythons.

Vanquished Creatures
  2 bullfrogs (Sewer)
  An orc priest (D:4)
  An orc wizard (D:4)
  2 gnolls (D:3)
  10 adders
  6 river rats (Sewer)
  2 adder zombies (D:3)
  A worm (D:2)
  A dart slug (D:1)
  2 orcs (D:4)
  3 endoplasms
  3 giant cockroaches
  10 goblins
  6 hobgoblins
  2 jackals (D:2)
  5 kobolds
  6 quokkas
  20 ball pythons
  A ball python zombie (D:3)
  4 bats
  5 frilled lizards
  A quokka zombie (D:3)
  29 rats
123 creatures vanquished.

Notes
Turn   | Place    | Note
-------+----------+-------------------------------------------
     0 | D:1      | Ivernyr the Formicid Fighter began the quest for the Orb.
     0 | D:1      | Reached XP level 1. HP: 18/18 MP: 1/1
   120 | D:1      | Reached XP level 2. HP: 22/24 MP: 2/2
   333 | D:1      | Reached XP level 3. HP: 29/29 MP: 3/3
   802 | D:2      | Reached XP level 4. HP: 37/37 MP: 4/4
  1701 | D:3      | Reached XP level 5. HP: 41/42 MP: 5/5
  1709 | D:3      | Found a basalt altar of Yredelemnul.
  2056 | D:3      | Found a shimmering altar of Xom.
  2493 | D:4      | Reached skill level 5 in Shields
  2579 | D:4      | Reached XP level 6. HP: 27/48 MP: 6/6
  2745 | D:4      | Found a glowing drain.
  2763 | Sewer    | Entered a sewer
  3227 | Sewer    | Reached XP level 7. HP: 10/55 MP: 7/7
  3242 | Sewer    | HP: 2/55 [ball python (1)]
  3242 | Sewer    | Constricted to death by a ball python

Illustrated notes

Levels and vault maps discovered:
D:1:      dpeg_arrival_snail, layout_rooms, minmay_pentomino_s2
D:2:      layout_basic, serial_bayou_lake_a
D:3:      layout_loops_ring, nicolae_yredelemnul_corpse_copse, tgw_xom
D:4:      layout_basic, portal_sewer_entry_f, serial_shops, shop,
          nicolae_nh_ransacked_shop, uniq_eustachio
Sewer:    sewer_minmay_w

Skill      XL: |  1  2  3  4  5  6 |
---------------+-------------------+-----
Staves         | 3 4 |  4.8
Fighting       | 4 |  4.7
Armour         | 4 |  4.7
Shields        | 5 |  5.8

Action                     |  1- 3 |  4- 6 |  7- 9 || total
---------------------------+-------+-------+-------++-------
  Melee: Quarterstaff      |   101 |   263 |     9 ||   373
Ability: Dig               |       |     1 |       ||     1
    Use: Potion            |       |       |     4 ||     4
 Armour: Scale mail        |   100 |   265 |    24 ||   389
  Dodge: Dodged            |    58 |   185 |    11 ||   254
  Block: Buckler           |    31 |    97 |     2 ||   130

Table legend: (Time is in decaauts)
 A = Elapsed time spent in this place.
 B = Non-inter-level travel time spent in this place.
 C = Inter-level travel time spent in this place.
 D = Time resting spent in this place.
 E = Time spent auto-exploring this place.
 F = Levels seen in this place.
 G = Mean time per level.
                   A        B        C        D        E       F      G
               +--------+--------+--------+--------+--------+-----+--------+
         Total |   3378 |   3282 |     96 |    433 |   1774 |   5 |  675.6 |
       Dungeon |   2831 |   2735 |     96 |    349 |   1624 |   4 |  707.8 |
         Sewer |    546 |    546 |      0 |     84 |    150 |   1 |  546.0 |
               +--------+--------+--------+--------+--------+-----+--------+

Top non-repeatable levels by time:
     D:3: 913 daAuts
     D:2: 905 daAuts
     D:1: 662 daAuts
   Sewer: 546 daAuts
     D:4: 350 daAuts
